 Dungeon Crawl Stone Soup version 0.25-a0-464-g3004169c2b (webtiles) character file.

Game seed: 3959254912079176016, levelgen mode: deterministic

79 glosham the Ducker (level 4, -5/35 HPs)
             Began as a Merfolk Abyssal Knight on Feb 5, 2020.
             Was a Follower of Lugonu.
             Slain by a gnoll
             ... wielding a +0 halberd
              (12 damage)
             ... on level 3 of the Dungeon.
             The game lasted 00:17:17 (1378 turns).

glosham the Ducker (Merfolk Abyssal Knight)         Turns: 1378, Time: 00:17:19

Health: -5/35      AC:  6    Str: 13    XL:     4   Next: 37%
Magic:  5/5        EV: 11    Int: 11    God:    Lugonu [*.....]
Gold:   58         SH:  0    Dex: 13    Spells: 3/3 levels left

rFire    + + .     SeeInvis .   a - +5 flail of Kapyts {elec, rF++ rC+}
rCold    + . .     Gourm    .   (no shield)
rNeg     . . .     Faith    .   k - +0 scale mail
rPois    .         Spirit   .   (no helmet)
rElec    .         Reflect  .   (no cloak)
rCorr    .         Harm     .   (no gloves)
MR       .....                  (no boots)
Stlth    ..........             (no amulet)
HPRegen  0.11/turn              A - ring of flight
MPRegen  0.09/turn              (no ring)

@: lethally poisoned (-5 -> -14)
A: change form in water, swift swim, stealthy swim
a: Depart the Abyss, Renounce Religion, Evoke Flight


You were on level 3 of the Dungeon.
You worshipped Lugonu.
Lugonu was aware of your devotion.
You were hungry.

You visited 1 branch of the dungeon, and saw 3 of its levels.
You visited the Abyss 1 time.

You collected 58 gold pieces.

Inventory:

Hand Weapons
 a - the +5 flail of Kapyts (weapon) {elec, rF++ rC+}
   (You found it on level 2 of the Abyss)

   Occasionally, upon striking a foe, it will discharge some electrical energy
   and cause terrible harm.
   It greatly protects you from fire.
   It protects you from cold.
 b - a +2 spear
 m - a +0 hunting sling
Missiles
 j - 26 stones (quivered)
 l - 50 bolts
 n - 18 sling bullets
Armour
 d - a +0 leather armour
 i - a +0 ring mail
 k - a +0 scale mail (worn)
Jewellery
 A - a ring of flight (left hand)
Scrolls
 g - a scroll of remove curse
 o - a scroll of fear
 p - a scroll of enchant weapon
Potions
 e - a potion of brilliance {unknown}
 f - 2 potions of curing
 h - a potion of mutation {!q}
Comestibles
 c - a ration


   Skills:
 - Level 3.2 Fighting
 - Level 3.0 Polearms
 - Level 0.6 Armour
 * Level 6.0 Dodging
 - Level 2.0 Invocations


You had 3 spell levels left.
You didn't know any spells.
Your spell library was empty.

Dungeon Overview and Level Annotations

Branches:
Dungeon (3/15)

Altars:


Message History

The giant cockroach barely misses you.
You see here 2 poisoned darts.
The hobgoblin throws a poisoned dart.
The poisoned dart misses you.
The giant cockroach bites you but does no damage.
The giant cockroach bites you but does no damage.
You barely miss the giant cockroach.
The giant cockroach is severely wounded.
The giant cockroach bites you but does no damage. x2
You barely miss the giant cockroach.
The giant cockroach is severely wounded.
The giant cockroach barely misses you.
You are feeling hungry.
You thump the giant cockroach!
Lightning courses through the giant cockroach!
You kill the giant cockroach!
Lugonu accepts your kill.
You hit the gnoll.
The gnoll is moderately wounded.
The gnoll hits you with a +0 whip.
The gnoll hits you from afar with a +0 halberd!
* * * LOW HITPOINT WARNING * * *
The gnoll barely misses you.
You hit the gnoll.
The gnoll is heavily wounded.
The gnoll barely misses you. The gnoll closely misses you.
You barely miss the gnoll.
The gnoll is heavily wounded.
The gnoll hits you but does no damage. The gnoll barely misses you. x2
You hit the gnoll. Lightning courses through the gnoll!
You kill the gnoll!
Lugonu accepts your kill.
Your Dodging skill increases to level 6!
The hobgoblin throws a poisoned dart.
The poisoned dart barely misses you.
The hobgoblin throws a poisoned dart.
The poisoned dart barely misses you. The gnoll closely misses you.
It was a potion of curing.
You feel better.
The hobgoblin throws a poisoned dart.
The poisoned dart hits you!
You are lethally poisoned!
The gnoll hits you from afar with a +0 halberd!
You die...

## #.#
######.########
...)..w†ggg.gg#
###....)#.###)#
#####........# #@#
#.§.....g.g..# #.#
#............# #.#
#.....>....... #.#
.....<......#....#
g!....####......(#
§....$# <.. ...
.##.### ..... #.


You could see a gnoll and a hobgoblin.

Vanquished Creatures
  2 gnolls (D:3)
  2 adders (D:2)
  An ooze (D:1)
  A leopard gecko (D:2)
  4 giant cockroaches
  3 goblins (D:2)
  8 hobgoblins
  2 jackals (D:1)
  2 bats
  4 frilled lizards (D:2)
  3 kobolds
  4 rats
36 creatures vanquished.

Notes
Turn   | Place    | Note
-------+----------+-------------------------------------------
     0 | Abyss:1  | glosham the Merfolk Abyssal Knight began the quest for the
                  | Orb.
     0 | Abyss:1  | Reached XP level 1. HP: 18/18 MP: 2/2
    25 | Abyss:2  | Noticed an ancient zyme
    42 | Abyss:2  | Noticed an iron imp
    44 | Abyss:2  | Noticed a ynoxinul
    47 | Abyss:2  | Got an encrusted flail
    47 | Abyss:2  | HP: 1/18 [something (9)]
    48 | D:1      | Escaped the Abyss
    49 | D:1      | Identified the +5 flail of Kapyts {elec, rF++ rC+} (You
                  | found it on level 2 of the Abyss)
   155 | D:1      | Reached skill level 3 in Dodging
   326 | D:1      | Reached XP level 2. HP: 17/24 MP: 3/3
   381 | D:1      | Reached * piety under Lugonu
   404 | D:1      | Reached skill level 4 in Dodging
   780 | D:2      | Reached XP level 3. HP: 29/29 MP: 4/4
   965 | D:2      | Reached skill level 5 in Dodging
  1052 | D:2      | Found a faded altar of an unknown god.
  1355 | D:3      | Reached XP level 4. HP: 28/35 MP: 5/5
  1374 | D:3      | HP: 2/35 [gnoll/+0 halberd (9)]
  1377 | D:3      | Reached skill level 6 in Dodging
  1378 | D:3      | Slain by a gnoll

Levels and vault maps discovered:
D:1:      lightli_arrival_lavapool, layout_basic
D:2:      layout_basic, chequers_ecumenical_altar_lobes
D:3:      minmay_skewed_foursquare, layout_loops_ring, lemuel_round_altar

Skill      XL: |  1  2  3  4 |
---------------+-------------+-----
Dodging        | 3 4 5 6 |  6.0
Fighting       | |  3.2
Polearms       | |  3.0
Armour         | |  0.6
Invocations    | |  2.0

Action                   |  1- 3 |  4- 6 || total
-------------------------+-------+-------++-------
Melee: Flail             |    63 |     9 ||    72
Invok: Depart the Abyss  |     1 |       ||     1
  Use: Scroll            |     5 |       ||     5
       Potion            |       |     1 ||     1
  Eat: Chunk             |     1 |       ||     1
Armor: Leather armour    |     6 |       ||     6
       Scale mail        |    14 |    12 ||    26
       Ring mail         |     2 |       ||     2
Dodge: Dodged            |    34 |    17 ||    51

Table legend:
 A = Non-vault XP
 B = Vault XP
 C = Vault XP percentage of total XP
 D = Non-vault monster count
 E = Vault monster count
 F = Vault count percentage of total count
                 A         B        C        D         E       F
            +---------+---------+-------+---------+---------+-------
      Total |     113 |       0 |   0.0 |      36 |       0 |   0.0
            +---------+---------+-------+---------+---------+-------
        D:1 |      24 |       0 |   0.0 |      11 |       0 |   0.0
        D:2 |      55 |       0 |   0.0 |      20 |       0 |   0.0
        D:3 |      34 |       0 |   0.0 |       5 |       0 |   0.0
            +---------+---------+-------+---------+---------+-------

Table legend:
 A = Turns spent in this place as a percentage of turns spent in the entire game.
 B = Non-inter-level travel turns spent in this place as a percentage of non-inter-level travel turns spent in the entire game.
 C = Inter-level travel turns spent in this place as a percentage of turns spent in this place.
 D = Turns resting spent in this place as a percentage of non-inter-level travel turns spent in this place.
 E = Turns spent auto-exploring this place as a percentage of non-inter-level travel turns spent in this place.
 F = Non-inter-level travel turns spent in this place divided by the number of levels of this place that you've seen.
                   A       B       C       D       E      F
               +-------+-------+-------+-------+-------+----------------------
         Total | 100.0 | 100.0 |   8.1 |   0.0 |   5.7 | 253.2
       Dungeon |  96.5 |  96.2 |   8.4 |   0.0 |   5.9 | 406.0
         Abyss |   3.5 |   3.8 |   0.0 |   0.0 |   0.0 |  24.0
               +-------+-------+-------+-------+-------+----------------------

Table legend:
 A = Kills in this place as a percentage of kills in entire the game.
 B = Kills by you in this place as a percentage of kills by you in the entire game.
 C = Kills by friends in this place as a percentage of kills by friends in the entire game.
 D = Other kills in this place as a percentage of other kills in the entire game.
 E = Experience gained in this place as a percentage of experience gained in the entire game.
 F = Experience gained in this place divided by the number of levels of this place that you have seen.
                   A       B       C       D       E      F
               +-------+-------+-------+-------+-------+----------------------
         Total | 100.0 | 100.0 |   N/A |   N/A | 100.0 |  22.6
       Dungeon | 100.0 | 100.0 |   N/A |   N/A | 100.0 |  37.7
               +-------+-------+-------+-------+-------+----------------------

Levels and vault maps discovered:
D:1:      lightli_arrival_lavapool, layout_basic
D:2:      layout_basic, chequers_ecumenical_altar_lobes
D:3:      minmay_skewed_foursquare, layout_loops_ring, lemuel_round_altar
